 Dungeon Crawl Stone Soup version 0.28-a0-649-g2b6bb2fd11 (webtiles) character file.

Game seed: 6066102810109810062

20 Drevant2 the Skirmisher (level 2, -2/26 HPs)
             Began as a Draconian Abyssal Knight on Oct 11, 2021.
             Was a Follower of Lugonu.
             Slain by a kobold (4 damage)
             ... on level 1 of the Dungeon.
             The game lasted 00:01:17 (569 turns).

Drevant2 the Skirmisher (Draconian Abyssal Knight)   Turns: 569, Time: 00:01:18

Health: -2/26      AC:  4    Str: 15    XL:     2   Next: 58%
Magic:  3/3        EV: 12    Int: 10    God:    Lugonu [*.....]
Gold:   37         SH:  0    Dex: 11    Spells: 1/1 levels left

rFire   . . .      SeeInvis .   a - +1 falchion
rCold   . . .      Faith    .   (no shield)
rNeg    . . .      Spirit   .   (armour unavailable)
rPois   .          Reflect  .   (helmet restricted)
rElec   .          Harm     .   (no cloak)
rCorr   .          Rampage  .   (no gloves)
Will    .....                   (no boots)
Stlth   +.........              (no amulet)
HPRegen 0.08/turn               (no ring)
MPRegen 0.08/turn               (no ring)

@: no status effects
A: AC +4, unfitting armour, cold-blooded
a: Renounce Religion, Depart the Abyss


You were on level 1 of the Dungeon.
You worshipped Lugonu.
Lugonu was aware of your devotion.
You visited 1 branch of the dungeon, and saw 1 of its levels.
You visited the Abyss 1 time.

You collected 37 gold pieces.

Inventory:

Hand Weapons
 a - a +1 falchion (weapon)
Armour
 b - a +0 scale mail
Scrolls
 c - a scroll of noise {unknown}
 d - a scroll of identify {unknown}
Potions
 e - a potion of cancellation {unknown}
 f - a potion of brilliance {unknown}


   Skills:
 - Level 3.5 Fighting
 * Level 2.8 Long Blades
 - Level 2.2 Dodging
 - Level 2.0 Invocations


You had one spell level left.
You didn't know any spells.
Your spell library contained the following spells:

 Spells                   Type           Power      Damage    Failure   Level
 Sting                    Tmut/Pois      0%         1d3       36%         1
 Poisonous Vapours        Pois/Air       0%         N/A       50%         2
 Olgreb's Toxic Radiance  Pois           0%         N/A       98%         4


Dungeon Overview and Level Annotations

Branches:
Dungeon (1/15)

Altars:


Innate Abilities, Weirdness & Mutations

Your plain brown scales are hard. (AC +4)
You cannot fit into any form of body armour.
You are cold-blooded and may be slowed by cold attacks.


Message History

The hobgoblin shouts!
The goblin shouts!
You hit the quokka.
The quokka is heavily wounded.
The quokka barely misses you.
You miss the quokka.
Your tail-slap misses the quokka.
The quokka is heavily wounded.
The quokka barely misses you.
An endoplasm comes into view.
The quokka closely misses you.
You hit the quokka.
You kill the quokka!
Lugonu accepts your kill.
The kobold hits you with a +0 short sword.
You barely miss the goblin. The kobold closely misses you.
The endoplasm barely misses you. The goblin hits you with a +0 club.
You miss the goblin. The kobold barely misses you.
The endoplasm completely misses you. The goblin barely misses you.
The kobold barely misses you. The endoplasm freezes you.
You are frozen.
You feel yourself slow down.
You hit the goblin.
Your tail-slap misses the goblin.
The goblin is almost dead.
The goblin misses you.
The kobold hits you with a +0 short sword.
An endoplasm comes into view.
The endoplasm freezes you.
You are frozen.
You feel as though you will be slow longer.
The goblin misses you. The kobold completely misses you.
The endoplasm misses you. The kobold closely misses you.
You barely miss the kobold.
Your tail-slap misses the kobold.
The kobold hits you with a +0 short sword.
* * * LOW HITPOINT WARNING * * *
You barely miss the kobold.
You feel yourself speed up.
The kobold hits you with a +0 short sword.
* * * LOW HITPOINT WARNING * * *
The kobold hits you with a +0 short sword.
You die...

.........
#.....#.#
........#
........#
.......J#####.#
.......gJ....>#
########g####.#
#K# #@# #.# #.#
#.# ###.#
########### #...#
....)...... ##)#.#
...........##..#.#
##'##..8..##...#.#


You could see 2 endoplasms, a hobgoblin, a goblin and a kobold.

Vanquished Creatures
  A dart slug (D:1)
  A ball python (D:1)
  An endoplasm (D:1)
  A giant cockroach (D:1)
  2 goblins (D:1)
  A hobgoblin (D:1)
  3 quokkas (D:1)
  A bat (D:1)
  3 frilled lizards (D:1)
  2 kobolds (D:1)
  A rat (D:1)
17 creatures vanquished.

Notes
Turn   | Place    | Note
-------+----------+-------------------------------------------
     0 | Abyss:1  | Drevant2 the Draconian Abyssal Knight began the quest for
                  | the Orb.
     0 | Abyss:1  | Reached XP level 1. HP: 19/19 MP: 2/2
    25 | Abyss:1  | Noticed a large abomination
    26 | D:1      | Escaped the Abyss
   260 | D:1      | Reached XP level 2. HP: 26/26 MP: 3/3
   420 | D:1      | Reached * piety under Lugonu
   569 | D:1      | Slain by a kobold

Illustrated notes

Levels and vault maps discovered:
D:1:      giann_horns, layout_basic, minivault_27

Action                   || total
-------------------------++-------
Melee: Falchion          ||    52
       Tailslap          ||     4
Invok: Depart the Abyss  ||     1
 Stab: Sleeping          ||     1
Armor: Skin              ||     8
Dodge: Dodged            ||    44

Table legend: (Time is in decaauts)
 A = Elapsed time spent in this place.
 B = Non-inter-level travel time spent in this place.
 C = Inter-level travel time spent in this place.
 D = Time resting spent in this place.
 E = Time spent auto-exploring this place.
 F = Levels seen in this place.
 G = Mean time per level.
                   A        B        C        D        E       F      G
               +--------+--------+--------+--------+--------+-----+--------+
         Total |    580 |    580 |      0 |      0 |    423 |   2 |  290.0 |
       Dungeon |    554 |    554 |      0 |      0 |    423 |   1 |  554.0 |
         Abyss |     26 |     26 |      0 |      0 |      0 |   1 |   26.0 |
               +--------+--------+--------+--------+--------+-----+--------+

Top non-repeatable levels by time:
     D:1: 554 daAuts
 Abyss:1: 26 daAuts
